 Dungeon Crawl Stone Soup version 0.21-a0-351-g38363bb (webtiles) character file.

68355 aspa the Eclecticist (level 15, -15/90 HPs)
             Began as an Octopode Wizard on Oct 7, 2017.
             Was a High Priest of Vehumet.
             Killed from afar by a wretched star (26 damage)
             ... with an orb of energy
             ... on level 2 of the Abyss on Oct 9, 2017.
             The game lasted 02:12:48 (21890 turns).

aspa the Eclecticist (Octopode Wizard)             Turns: 21890, Time: 02:12:49

Health: -15/90     AC:  4    Str:  7    XL:     15   Next: 26%
Magic:  20/37      EV: 13    Int: 29    God:    Vehumet [*****.]
Gold:   887        SH:  0    Dex: 10    Spells: 1/50 levels left

rFire    + . .     SeeInvis .   a - +3 short sword of Wogaq {venom, +Blink Int+2}
rCold    . . .     Gourm    .   (no shield)
rNeg     + . .     Faith    .   u - +1 hat
rPois    .         Spirit   .   (no amulet)
rElec    .         Reflect  .   m - +2 ring of protection
rCorr    +         Harm     .   n - +2 ring of slaying
MR       +....                  q - ring of positive energy
Stlth    +++++.....             L - ring of protection from fire
HPRegen  1.25/turn              J - ring of resist corrosion
MPRegen  0.25/turn              (no ring)
                                (no ring)
                                (no ring)

@: about to teleport, regenerating (expiring)
A: almost no armour, stealthy swim, amphibious, 8 rings, constrict 8, antennae
1, camouflage 1, mutation resistance 1, screaming 1, gelatinous body 1
a: Renounce Religion, Evoke Blink


You were on level 2 of the Abyss.
You worshipped Vehumet.
Vehumet was extremely pleased with you.
You were not hungry.

You visited 3 branches of the dungeon, and saw 18 of its levels.
You visited the Abyss 1 time.

You collected 1360 gold pieces.
You spent 473 gold pieces at shops.

Inventory:

Hand Weapons
 a - the +3 short sword of Wogaq (weapon) {venom, +Blink Int+2}
   (You bought it in a shop on level 10 of the Dungeon)

   It poisons the flesh of those it strikes.
   It affects your intelligence (+2).
   It lets you blink.
 b - a +3 trident of protection
 r - a +3 dagger
 C - a +2 antimagic scythe
 N - the +8 war axe "Uhex Tiext" {venom, rF+ Str+3 Stlth+}
   (You found it on level 4 of the Lair of Beasts)

   It poisons the flesh of those it strikes.
   It affects your strength (+3).
   It protects you from fire.
   It makes you more stealthy.
 W - a +1 war axe of electrocution
 X - a +2 falchion of distortion
Armour
 u - a +1 hat (worn)
 y - a +0 shield
Magical Staves
 z - an uncursed staff of death
Jewellery
 m - a +2 ring of protection (left tentacle)
 n - a +2 ring of slaying (right tentacle)
 q - a ring of positive energy (on tentacle)
 J - a ring of resist corrosion (on tentacle)
 L - a ring of protection from fire (on tentacle)
Wands
 c - a wand of digging (6/24)
 j - a wand of clouds (2/9)
 w - a wand of disintegration (11/24)
 x - a wand of lightning (11/15)
 A - a wand of lightning (10/15)
 B - a wand of acid (9/15)
 F - a wand of confusion (24/48)
 G - a wand of flame (20/48)
 O - a wand of flame (20/48)
 P - a wand of disintegration (23/24)
 S - a wand of flame (16/48)
 V - a wand of scattershot (6/9)
Scrolls
 e - 3 scrolls of immolation
 g - 2 scrolls of teleportation
 s - 11 scrolls of remove curse
 v - a scroll of torment {unknown}
 I - 4 scrolls of identify
 K - 2 scrolls of recharging
 M - a scroll of fog
Potions
 d - 3 potions of heal wounds
 f - a potion of cancellation
 h - a potion of resistance
 i - 4 potions of haste
 o - 5 potions of lignification
 p - a potion of might
 D - 4 potions of curing
 R - 2 potions of agility
 Z - a potion of flight {unknown}
Books
 t - a book of Battle

   Spells                             Type                      Level
   a - Infusion                       Charms                       1
   b - Shroud of Golubria             Charms/Translocation         2
   c - Song of Slaying                Charms                       2
   d - Spectral Weapon                Hexes/Charms                 3
   e - Regeneration                   Charms/Necromancy            3
 Q - a book of Alchemy

   Spells                             Type                      Level
   a - Sublimation of Blood           Necromancy                   2
   b - Ignite Poison                  Fire/Transmutation/Poison    3
   c - Petrify                        Transmutation/Earth          4
   d - Alistair's Intoxication        Transmutation/Poison         5
   e - Irradiate                      Conjuration/Transmutation    5
Miscellaneous
 H - a phial of floods
 Y - a crystal ball of energy
Comestibles
 k - 12 royal jellies
 l - 4 meat rations
 U - 3 bread rations


   Skills:
 - Level 4.0 Fighting
 - Level 2.0 Dodging
 - Level 8.5 Stealth
 + Level 18.3 Spellcasting
 - Level 8.3 Conjurations
 - Level 0.5 Charms
 - Level 1.0 Summonings
 - Level 1.0 Translocations
 - Level 4.0 Fire Magic


You had one spell level left.
You knew the following spells:

 Your Spells              Type           Power        Failure   Level  Hunger
a - Magic Dart            Conj           ####         1%          1    None
b - Call Imp              Summ           ####....     1%          2    None
c - Mephitic Cloud        Conj/Pois/Air  #####...     1%          3    None
d - Blink                 Tloc           N/A          1%          2    None
e - Slow                  Hex            ####....     2%          2    None
f - Conjure Flame         Conj/Fire      ######..     1%          3    None
g - Animate Skeleton      Necr           N/A          1%          1    None
h - Apportation           Tloc           ####..       1%          1    None
i - Tukima's Dance        Hex            ####....     4%          3    None
j - Dazzling Spray        Conj/Hex       ######       1%          3    None
k - Sting                 Conj/Pois      ####         1%          1    None
l - Searing Ray           Conj           ######       1%          2    None
m - Throw Icicle          Conj/Ice       ######..     1%          4    None
n - Bolt of Fire          Conj/Fire      ######....   5%          6    #......
o - Regeneration          Chrm/Necr      ####......   4%          3    None
p - Shroud of Golubria    Chrm/Tloc      ####......   1%          2    None
q - Ignite Poison         Fire/Tmut/Pois ####....     1%          3    None
r - Orb of Destruction    Conj           ######....   12%         7    ####...


Dungeon Overview and Level Annotations

Branches:
Dungeon (13/15)            Temple (1/1) D:6            Lair (4/6) D:9
  Snake (0/4) Lair:4          Orc (0/2) D:10
  Swamp: Lair:2-4    Shoals: Lair:2-4    Vaults: D:13-14

Altars:
Ashenzari
Cheibriados
Dithmenos
Elyvilon
Fedhas
Gozag
Hepliaklqana
Kikubaaqudgha
Makhleb
Nemelex Xobeh
Okawaru
Qazlal
Ru
Sif Muna
Trog
Uskayaw
Vehumet
Wu Jian
Xom
Yredelemnul
Zin
The Shining One

Shops:
D:6 }   D:10 (


Innate Abilities, Weirdness & Mutations

You cannot wear most types of armour.
You are very stealthy in the water. (Stealth+)
You are amphibious.
You can wear up to eight rings at the same time.
You can use your tentacles to constrict eight enemies at once.
Your skin changes colour to match your surroundings (Stealth+).
Your rubbery body absorbs attacks. (AC +1, EV +1)
You have a pair of small antennae on your head.
You are somewhat resistant to further mutation.
You occasionally shout uncontrollably at your foes.


Message History

Casting: Throw Icicle
Confirm with . or Enter, or press ? or * to list all spells.
Aiming: Magic Dart
Press: ? - help, Shift-Dir - straight line, f - wretched star
Aim: a wretched star
Okay, then.
The wretched star glows turbulently.
The orb of energy hits you!
* * * LOW HITPOINT WARNING * * *
The orb of energy explodes!
Casting: Magic Dart
Confirm with . or Enter, or press ? or * to list all spells.
Your skin crawls.
As you read the scroll of teleportation, it crumbles to dust.
You feel strangely unstable.
You feel the power of the Abyss delaying your translocation!
Your skin is crawling a little less now.
The wretched star glows turbulently.
The orb of energy hits you!
You die...

###).#....#..#
#.#..##. ...##
#.#..##.§.#.##
##..#.§#...##
##.##§.......##
#.... #.*.#.##
..*######....##.#.
#.##§#..§....
#..@.........
#.#..######...
#... . ###.. .#.
#### ##


You could see a wretched star.

Vanquished Creatures
  A rakshasa (Abyss:2)
  A hydra (Lair:2)
  2 two-headed ogres (D:12)
  Nergalle (D:10)
  2 unseen horrors
  A large abomination (Abyss:2)
  Pikel (Temple)
  A manticore (D:12)
  An ugly thing (D:12)
  2 black mambas (Lair:3)
  Psyche (D:8)
  2 spiny frogs
  A freezing wraith (D:10)
  A rime drake (Lair:1)
  3 komodo dragons
  5 trolls
  3 hornets
  6 hippogriffs
  3 blink frogs (Lair:3)
  A wyvern (D:9)
  3 hungry ghosts
  24 yaks
  2 small abominations (Abyss:2)
  2 nagas (Lair:4)
  7 water moccasins
  2 soldier ants (D:11)
  6 porcupines
  6 ice beasts
  2 sky beasts
  4 black bears
  3 phantoms
  A hornet zombie (D:10)
  7 orc warriors
  4 necrophages
  4 ogres
  3 centaurs
  7 crocodiles
  2 big kobolds (D:12)
  11 bullfrogs
  3 wyvern skeletons
  A water moccasin skeleton (D:8)
  2 troll zombies (D:10)
  15 killer bees
  13 wights
  3 howler monkeys
  6 crimson imps
  2 hounds
  A bullfrog zombie (D:12)
  4 orc priests
  2 bullfrog skeletons
  4 centaur skeletons
  Crazy Yiuf (D:2)
  9 orc wizards
  3 iguanas
  11 worker ants
  4 ogre zombies (D:10)
  A hound zombie (D:6)
  4 hound skeletons
  A howler monkey zombie (D:10)
  16 gnolls
  12 adders
  2 worms
  2 dart slugs (D:2)
  11 leopard geckos
  30 orcs
  A ball python (D:1)
  4 giant cockroaches
  4 goblins
  5 hobgoblins
  13 jackals
  3 quokkas
  8 bats
  10 frilled lizards
  2 goblin skeletons (D:10)
  2 goblin zombies (D:10)
  A hobgoblin skeleton (D:10)
  A hobgoblin zombie (D:10)
  A jackal skeleton (D:6)
  18 kobolds
  An orc skeleton (D:10)
  10 orc zombies (D:10)
  A quokka skeleton (D:9)
  4 rats
  A spectral orc (D:9)
  A fungus (Lair:2)
393 creatures vanquished.

Vanquished Creatures (collateral kills)
  An orc sorcerer (D:10)
  2 spiny frogs
  A blink frog (Lair:3)
  A yak (D:9)
  Eustachio (D:5)
  A hungry ghost (D:12)
  A water moccasin (D:10)
  2 ice beasts
  A necrophage (D:10)
  An ogre (D:10)
  2 crocodiles
  A bullfrog (Lair:2)
  A scorpion (D:11)
  6 killer bees
  2 wights
  A crimson imp (D:5)
  A hound (D:12)
  A worker ant (D:5)
  2 gnolls (D:2)
  A jackal zombie (D:9)
  An orc zombie (D:10)
31 creatures vanquished.

Vanquished Creatures (others)
  A human (D:7)
  A bush (Lair:2)
  15 fungi
  5 plants
  8 starspawn tentacles (Abyss:2)
30 creatures vanquished.

Grand Total: 454 creatures vanquished

Notes
Turn   | Place    | Note
-------+----------+-------------------------------------------
     0 | D:1      | aspa the Octopode Wizard began the quest for the Orb.
     0 | D:1      | Reached XP level 1. HP: 11/11 MP: 4/4
   414 | D:1      | Reached XP level 2. HP: 17/17 MP: 3/6
   418 | D:1      | Learned a level 2 spell: Call Imp
   802 | D:2      | Found an ornate altar of the Wu Jian Council.
   910 | D:2      | Reached XP level 3. HP: 19/21 MP: 0/8
   915 | D:2      | Learned a level 3 spell: Mephitic Cloud
   918 | D:2      | Learned a level 2 spell: Blink
  1568 | D:2      | Reached skill level 4 in Spellcasting
  1568 | D:2      | Reached XP level 4. HP: 27/27 MP: 5/10
  1744 | D:2      | Learned a level 3 spell: Conjure Flame
  1750 | D:2      | Found a runed door.
  1755 | D:2      | Noticed Crazy Yiuf
  1764 | D:2      | Killed Crazy Yiuf
  1813 | D:2      | Noticed a bullfrog
  1823 | D:2      | Killed a bullfrog
  1823 | D:2      | Reached XP level 5. HP: 14/31 MP: 1/11
  2663 | D:3      | Reached XP level 6. HP: 36/36 MP: 10/13
  2793 | D:3      | Reached skill level 5 in Spellcasting
  3366 | D:3      | Found a sacrificial altar of Ru.
  3410 | D:3      | Learned a level 1 spell: Animate Skeleton
  3412 | D:3      | Learned a level 1 spell: Apportation
  3415 | D:3      | Learned a level 2 spell: Slow
  4077 | D:4      | Reached skill level 6 in Spellcasting
  4079 | D:4      | Reached XP level 7. HP: 19/41 MP: 0/16
  4879 | D:4      | Found a blossoming altar of Fedhas.
  4904 | D:4      | Found an iron altar of Okawaru.
  5008 | D:5      | Entered Level 5 of the Dungeon
  5408 | D:5      | Noticed Eustachio
  5526 | D:5      | Reached skill level 7 in Spellcasting
  5623 | D:5      | Killed Eustachio
  5673 | D:5      | Reached XP level 8. HP: 46/46 MP: 19/19
  5710 | D:5      | Found a shattered altar of Ashenzari.
  5831 | D:6      | Reached skill level 8 in Spellcasting
  6191 | D:6      | Found a sparkling altar of Nemelex Xobeh.
  6261 | D:7      | Found an ancient bone altar of Kikubaaqudgha.
  6414 | D:6      | Reached skill level 9 in Spellcasting
  6423 | D:6      | Learned a level 3 spell: Tukima's Dance
  6468 | D:6      | Found a staircase to the Ecumenical Temple.
  6473 | D:6      | Noticed Pikel
  6481 | Temple   | Entered the Ecumenical Temple
  6494 | Temple   | Became a worshipper of Vehumet
  6502 | Temple   | Killed Pikel
  6502 | Temple   | Reached skill level 10 in Spellcasting
  6502 | Temple   | Reached XP level 9. HP: 49/51 MP: 2/23
  6750 | Temple   | Gained mutation: You tend to lose your temper in combat. [potion of mutation]
  6750 | Temple   | Gained mutation: One of your tentacles bears a spike. [potion of mutation]
  6750 | Temple   | Gained mutation: You are somewhat resistant to further mutation. [potion of mutation]
  6937 | D:6      | Found Erap's Gadget Shoppe.
  7172 | D:7      | Found a stormy altar of Qazlal.
  7178 | D:7      | Lost mutation: One of your tentacles bears a spike. [potion of mutation]
  7178 | D:7      | Lost mutation: You tend to lose your temper in combat. [potion of mutation]
  7374 | D:7      | Learned a level 3 spell: Dazzling Spray
  7543 | D:7      | Reached skill level 11 in Spellcasting
  8072 | D:7      | Found a hazy altar of Hepliaklqana.
  8148 | D:8      | Noticed Psyche
  8240 | D:8      | Noticed a troll
  8557 | D:8      | Killed Psyche
  8890 | D:8      | Noticed a hornet
  8899 | D:8      | Found a deep blue altar of Sif Muna.
  8913 | D:8      | Killed a hornet
  8913 | D:8      | Reached * piety under Vehumet
  8913 | D:8      | Offered knowledge of Sting by Vehumet.
  8913 | D:8      | Reached skill level 12 in Spellcasting
  8916 | D:8      | Learned a level 1 spell: Sting
  8920 | D:8      | Reached XP level 10. HP: 56/56 MP: 1/26
  9848 | D:8      | Found a bloodstained altar of Trog.
 10095 | D:9      | Reached skill level 13 in Spellcasting
 10240 | D:9      | Found a basalt altar of Yredelemnul.
 10359 | D:9      | Offered knowledge of Searing Ray by Vehumet.
 10375 | D:9      | Learned a level 2 spell: Searing Ray
 10541 | D:10     | Entered Level 10 of the Dungeon
 10806 | D:9      | Reached ** piety under Vehumet
 11140 | D:9      | Reached skill level 1 in Fighting
 11140 | D:9      | Reached skill level 14 in Spellcasting
 11400 | D:9      | Reached XP level 11. HP: 56/63 MP: 18/29
 11423 | D:10     | Noticed Nergalle
 11426 | D:9      | Found a staircase to the Lair.
 11958 | D:9      | Found a burning altar of Makhleb.
 12163 | D:9      | Upgraded the game from 0.21-a0-349-g0c35859 to 0.21-a0-351-g38363bb
 12228 | D:10     | Killed Nergalle
 12923 | D:10     | Gained mutation: You occasionally shout uncontrollably at your foes. [mutagenic meat]
 12987 | D:10     | Offered knowledge of Inner Flame by Vehumet.
 13119 | D:10     | Reached *** piety under Vehumet
 13130 | D:10     | Noticed an orc sorcerer
 13259 | D:10     | Killed an orc sorcerer
 13398 | D:10     | Offered knowledge of Throw Icicle by Vehumet.
 13408 | D:10     | Learned a level 4 spell: Throw Icicle
 13703 | D:10     | Reached skill level 15 in Spellcasting
 13882 | D:10     | Found a staircase to the Orcish Mines.
 13915 | D:10     | Reached **** piety under Vehumet
 14008 | D:10     | Found Peggequi's Weapon Boutique.
 14031 | D:10     | Bought the cursed +3 short sword of Wogaq {venom, +Blink Int+2} for 473 gold pieces
 14257 | D:11     | Offered knowledge of Yara's Violent Unravelling by Vehumet.
 14963 | D:11     | Killed an unseen horror
 15399 | D:12     | Noticed a two-headed ogre
 15815 | D:11     | Reached XP level 12. HP: 74/74 MP: 16/31
 16403 | D:12     | Reached ***** piety under Vehumet
 16407 | D:12     | Offered knowledge of Bolt of Fire by Vehumet.
 16407 | D:12     | Reached skill level 16 in Spellcasting
 16415 | D:12     | Learned a level 6 spell: Bolt of Fire
 16602 | D:12     | Noticed a two-headed ogre
 16615 | D:12     | Killed a two-headed ogre
 16615 | D:12     | Reached skill level 1 in Fire Magic
 16748 | D:12     | Learned a level 3 spell: Regeneration
 17244 | D:12     | Gained mutation: You have a pair of small antennae on your head. [mutagenic meat]
 17424 | D:12     | Killed a two-headed ogre
 17846 | Lair:1   | Entered Level 1 of the Lair of Beasts
 18117 | Lair:1   | Learned a level 2 spell: Shroud of Golubria
 18492 | Lair:1   | Reached skill level 17 in Spellcasting
 18904 | Lair:1   | Offered knowledge of Orb of Destruction by Vehumet.
 18931 | Lair:2   | Noticed a six-headed hydra
 19721 | Lair:2   | Killed a six-headed hydra
 19721 | Lair:2   | Reached XP level 13. HP: 79/79 MP: 9/34
 19756 | Lair:2   | Learned a level 3 spell: Ignite Poison
 21324 | Lair:4   | Got a bone war axe
 21325 | Lair:4   | Identified the +8 war axe "Uhex Tiext" {venom, rF+ Str+3 Stlth+} (You found it on level 4 of the Lair of Beasts)
 21384 | Lair:4   | Found a staircase to the Snake Pit.
 21599 | Lair:4   | Cast into level 2 of the Abyss (a distortion unwield)
 21599 | Abyss:2  | Found a corrupted altar of Lugonu.
 21643 | Abyss:2  | Reached skill level 18 in Spellcasting
 21643 | Abyss:2  | Reached XP level 14. HP: 85/85 MP: 34/36
 21644 | Abyss:2  | Reached XP level 15. HP: 90/90 MP: 35/37
 21653 | Abyss:2  | Learned a level 7 spell: Orb of Destruction
 21763 | Abyss:2  | Noticed a tentacled starspawn
 21883 | Abyss:2  | HP: 3/90 [wretched star/orb of energy (28)]
 21890 | Abyss:2  | Killed from afar by a wretched star

Vault maps used:
D:1:      lightli_arrival_flooded_house, hangedman_glass_teeth, hex_large,
          hangedman_decor_slide_cut
D:2:      lemuel_crystal_altar, first_bread, minmay_lizard_king,
          uniq_crazy_yiuf_cottage
D:3:      nicolae_ru_the_path_less_chosen
D:4:      kennysheep_mini, lemuel_round_altar
D:5:      kennysheep_mini_moat, uniq_eustachio
D:6:      nemelex_xobeh_ov_fountains_minmay, minmay_temple_entry_grid,
          serial_shops, shop, uniq_pikel
D:7:      lemuel_crystal_altar, nicolae_overflow_crystal_walls,
          tgw_kikubaaqudgha
D:8:      marbit_many_paths, overflow_temple_1_default, uniq_psyche
D:9:      makhleb_blood_cavern_becter, yredelemnul_forgotten_temple_becter,
          grunt_lair_entry_orc_guard_hut
D:10:     zombieorc1_lemuel, serial_shops, shop_coins, uniq_nergalle
D:11:     hangedman_pestilent_swarm
D:13:     grunt_vaults_entry_fortified
Temple:   dpeg_chambers_temple
Lair:1:   grunt_megastairs_5
Lair:4:   elwin_shoals_entry_rooms, guppyfry_snake_entry_garden, minivault_19

Skill      XL: |  1  2  3  4  5  6  7  8  9 10 11 12 13 14 |
---------------+-------------------------------------------+-----
Conjurations   | 2 3 4 8 |  8.3
Spellcasting   | 4 6 7 10 12 14 15 17 18 | 18.3
Fighting       | 1 4 |  4.0
Fire Magic     | 4 |  4.0
Stealth        | 8 |  8.5
Dodging        | |  2.0
Charms         | |  0.5
Summonings     | |  1.0
Translocations | |  1.0

Action                   |  1- 3 |  4- 6 |  7- 9 | 10-12 | 13-15 || total
-------------------------+-------+-------+-------+-------+-------++-------
Melee: Unarmed           |    13 |     2 |       |       |       ||    15
       Constrict         |     3 |    12 |    11 |    32 |     2 ||    60
       Tentacles         |     2 |     5 |     4 |    29 |       ||    40
       Spear             |       |     5 |       |       |       ||     5
       Quarterstaff      |       |     9 |       |       |       ||     9
       Halberd           |       |    54 |    30 |       |       ||    84
       Trident           |       |       |    84 |   303 |       ||   387
       Short sword       |       |       |       |    37 |     7 ||    44
 Cast: Magic Dart        |    83 |   118 |   182 |   192 |     4 ||   579
       Call Imp          |       |     4 |     6 |     4 |       ||    14
       Mephitic Cloud    |       |     6 |    15 |    44 |     1 ||    66
       Conjure Flame     |       |     4 |    18 |    91 |     8 ||   121
       Animate Skeleton  |       |       |    14 |    62 |    10 ||    86
       Blink             |       |       |     7 |    23 |     2 ||    32
       Slow              |       |       |     1 |       |       ||     1
       Tukima's Dance    |       |       |     3 |       |       ||     3
       Dazzling Spray    |       |       |    21 |   139 |     9 ||   169
       Sting             |       |       |     2 |     7 |       ||     9
       Searing Ray       |       |       |       |    96 |    17 ||   113
       Throw Icicle      |       |       |       |    66 |    15 ||    81
       Regeneration      |       |       |       |     3 |     3 ||     6
       Shroud of Golubri |       |       |       |     1 |     3 ||     4
       Bolt of Fire      |       |       |       |       |     3 ||     3
       Ignite Poison     |       |       |       |       |     1 ||     1
Evoke: Wand              |       |       |     1 |     4 |       ||     5
  Use: Scroll            |       |       |    11 |     3 |    12 ||    26
       Potion            |       |       |    11 |     3 |     3 ||    17
 Stab: Sleeping          |     1 |     2 |     3 |     1 |       ||     7
       Confused          |       |     1 |     2 |     3 |       ||     6
       Invisible         |       |       |       |     7 |     1 ||     8
       Distracted        |       |       |       |     3 |       ||     3
  Eat: Chunk             |     2 |     5 |    14 |    35 |     4 ||    60
       Bread ration      |       |     1 |       |       |       ||     1
       Fruit             |       |       |       |     8 |     4 ||    12
Armor: Skin              |     3 |    10 |     6 |    44 |     3 ||    66
Dodge: Dodged            |    14 |    42 |    53 |   169 |    22 ||   300

Table legend:
 A = Spawn XP
 B = Non-spawn XP
 C = Spawn XP percentage of total XP
 D = Spawn monster count
 E = Non-spawn monster count
 F = Spawn count percentage of total count
 G = Total turns spent on level
                    A         B        C        D         E        F      G
               +---------+---------+-------+---------+---------+-------+---------
         Total |     178 |   38574 |   0.5 |       1 |     422 |   0.2 | 21890
               +---------+---------+-------+---------+---------+-------+---------
           D:1 |       0 |      20 |   0.0 |       0 |      13 |   0.0 |   869
           D:2 |       0 |     270 |   0.0 |       0 |      34 |   0.0 |  1588
           D:3 |       0 |     179 |   0.0 |       0 |      28 |   0.0 |  1600
           D:4 |       0 |     266 |   0.0 |       0 |      16 |   0.0 |  1246
           D:5 |       0 |     684 |   0.0 |       0 |      16 |   0.0 |   783
           D:6 |       0 |     620 |   0.0 |       0 |      13 |   0.0 |   730
           D:7 |       0 |     724 |   0.0 |       0 |      14 |   0.0 |  1181
           D:8 |       0 |    2709 |   0.0 |       0 |      32 |   0.0 |  1945
           D:9 |       0 |    4125 |   0.0 |       0 |      49 |   0.0 |  2347
          D:10 |       0 |    4427 |   0.0 |       0 |      68 |   0.0 |  2190
          D:11 |       0 |    3996 |   0.0 |       0 |      30 |   0.0 |  1345
          D:12 |       0 |    5992 |   0.0 |       0 |      47 |   0.0 |  1665
        Temple |       0 |     663 |   0.0 |       0 |       1 |   0.0 |   349
        Lair:1 |       0 |    4109 |   0.0 |       0 |      20 |   0.0 |  1114
        Lair:2 |       0 |    4214 |   0.0 |       0 |      20 |   0.0 |  1389
        Lair:3 |       0 |    3042 |   0.0 |       0 |      12 |   0.0 |   939
        Lair:4 |       0 |     769 |   0.0 |       0 |       6 |   0.0 |   311
       Abyss:2 |     178 |    1765 |   9.2 |       1 |       3 |  25.0 |   291
               +---------+---------+-------+---------+---------+-------+---------
